 Dungeon Crawl Stone Soup version 0.26-a0-660-gc07710193c (webtiles) character file.

Game seed: 15607012690576715741

109473 MrRokkomies the Rich (level 16, -5/127 HPs)
             Began as a Gnoll Wanderer on Oct 6, 2020.
             Was an Initiate of Gozag.
             Slain by a boulder beetle (25 damage)
             ... on level 14 of the Dungeon on Oct 7, 2020.
             The game lasted 01:13:37 (36092 turns).

MrRokkomies the Rich (Gnoll Wanderer)              Turns: 36092, Time: 01:13:37

Health: -5/127     AC: 29    Str: 18    XL:     16   Next: 52%
Magic:  0/31       EV: 18    Int: 20    God:    Gozag
Gold:   1610       SH:  0    Dex: 17    Spells: 15/37 levels left

rFire    + + .     SeeInvis +   a - +9 bardiche (vamp)
rCold    . . .     Faith    .   (shield currently unavailable)
rNeg     . . .     Spirit   +   R - +6 shadow dragon scales "Oraebutz" {Str+4 Stlth++++}
rPois    +         Reflect  .   Z - +2 helmet {SInv}
rElec    .         Harm     .   L - +0 cloak
rCorr    .         Rampage  .   (no gloves)
MR       ++...                  x - +2 pair of boots {Stlth+}
Stlth    +++++++...             Q - amulet of guardian spirit
HPRegen  0.31/turn              Y - ring "Faisoergh" {+Fly MR+ EV+4}
MPRegen  0.22/turn              N - ring of Sauc {rPois rF++}

@: gold aura
A: distributed training, fangs 1, strong nose
a: Potion Petition, Call Merchant, Bribe Branch, Renounce Religion, Evoke Flight


You were on level 14 of the Dungeon.
You worshipped Gozag.
Gozag was most pleased with you.
You visited 3 branches of the dungeon, and saw 22 of its levels.
You also visited: Ice Cave.

You collected 9699 gold pieces.
You spent 4540 gold pieces at shops.
You paid 3549 gold pieces to Gozag.

Inventory:

Hand Weapons
 a - a +9 vampiric bardiche (weapon)
 b - the +5 longbow of the Disturbing Seas {venom, Int-4 Dex+3 SInv Stlth+}
   (You acquired it on level 11 of the Dungeon)

   It poisons the ammo it fires.
   It affects your intelligence (-4).
   It affects your dexterity (+3).
   It lets you see invisible.
   It makes you more stealthy.
 D - a +0 longbow of freezing
 G - a +4 demon trident
 V - a +2 double sword of holy wrath
Missiles
 r - 2 throwing nets
 y - 291 arrows
 K - 47 poisoned darts
 O - 14 javelins (quivered)
 X - 19 curare-tipped darts
Armour
 x - a +2 pair of boots of stealth (worn)
 L - a +0 cloak (worn)
 R - the +6 shadow dragon scales "Oraebutz" (worn) {Str+4 Stlth++++}
   (You bought it in a shop on level 11 of the Dungeon)

   It affects your strength (+4).
   It makes you much more stealthy.
 Z - a +2 helmet of see invisible (worn)
Magical Staves
 T - an uncursed staff of poison
Jewellery
 e - an uncursed ring of protection from fire
 p - an uncursed ring of protection from magic
 E - an uncursed ring of wizardry {unknown}
 J - the ring of Fomodyurr {+Blink rF+ rN+ Str-3}
   (You found it on level 6 of the Dungeon)

   [ring of positive energy]

   It affects your strength (-3).
   It protects you from fire.
   It protects you from negative energy.
   It lets you blink.
 N - the ring of Sauc (right hand) {rPois rF++}
   (You bought it in a shop on level 1 of the Lair of Beasts)

   [ring of poison resistance]

   It greatly protects you from fire.
   It protects you from poison.
 Q - an amulet of guardian spirit (around neck)
 W - an uncursed ring of ice
 Y - the ring "Faisoergh" (left hand) {+Fly MR+ EV+4}
   (You bought it in a shop on level 1 of the Lair of Beasts)

   [ring of evasion]

   It affects your evasion (+4).
   It affects your resistance to hostile enchantments.
   It lets you fly.
Wands
 c - a wand of flame (32)
 l - a wand of acid (8)
 t - a wand of disintegration (8)
 A - a wand of paralysis (12)
 I - a wand of iceblast (34)
 U - a wand of enslavement (6)
Scrolls
 f - 6 scrolls of remove curse
 h - 4 scrolls of fog
 m - a scroll of silence
 n - a scroll of magic mapping
 o - 4 scrolls of enchant armour
 u - 14 scrolls of teleportation
 w - 3 scrolls of fear
 z - 16 scrolls of identify
 M - a scroll of blinking
Potions
 d - a potion of mutation
 g - 4 potions of flight
 i - 4 potions of magic
 j - a potion of resistance
 q - 2 potions of stabbing
 s - 8 potions of curing
 v - a potion of ambrosia {unknown}
 B - 3 potions of haste
 C - 2 potions of might
 F - 2 potions of heal wounds
 H - 3 potions of brilliance
 P - 3 potions of cancellation
 S - 5 potions of lignification


   Skills:
 + Level 11.7 Fighting
 + Level 10.8 Short Blades
 + Level 11.7 Long Blades
 + Level 10.8 Axes
 + Level 10.8 Maces & Flails
 + Level 10.8 Polearms
 + Level 10.8 Staves
 + Level 10.8 Slings
 + Level 10.8 Bows
 + Level 10.8 Crossbows
 + Level 11.1 Throwing
 + Level 10.8 Armour
 + Level 10.8 Dodging
 + Level 11.1 Stealth
 + Level 11.1 Shields
 + Level 10.8 Unarmed Combat
 + Level 11.2 Spellcasting
 + Level 9.2 Conjurations
 + Level 9.2 Hexes
 + Level 9.5 Summonings
 + Level 9.2 Necromancy
 + Level 9.2 Translocations
 + Level 9.2 Transmutations
 + Level 9.2 Fire Magic
 + Level 9.5 Ice Magic
 + Level 9.2 Air Magic
 + Level 9.2 Earth Magic
 + Level 9.2 Poison Magic
 + Level 11.7 Invocations
 + Level 10.8 Evocations


You had 15 spell levels left.
You knew the following spells:

 Your Spells              Type           Power        Failure   Level
a - Summon Small Mammal   Summ           ####         1%          1
b - Summon Guardian Gole  Hex/Summ       #####...     3%          3
c - Call Imp              Summ           #####...     1%          2
d - Blink                 Tloc           N/A          1%          2
e - Mephitic Cloud        Conj/Pois/Air  #####...     3%          3
f - Frozen Ramparts       Ice            #####.       3%          3
g - Summon Ice Beast      Ice/Summ       #####...     10%         4
h - Passage of Golubria   Tloc           N/A          11%         4

Your spell library contained the following spells:

 Spells                   Type           Power        Failure   Level
 Animate Skeleton         Necr           #####.       1%          1
 Apportation              Tloc           #####.       1%          1
 Corona                   Hex            #####..      1%          1
 Magic Dart               Conj           ####         1%          1
 Pain                     Necr           ####         1%          1
 Ensorcelled Hibernation  Hex/Ice        #####.       1%          2
 Slow                     Hex            #####...     1%          2
 Call Canine Familiar     Summ           #####...     3%          3
 Confusing Touch          Hex            #####...     3%          3
 Conjure Flame            Conj/Fire      #####...     3%          3
 Dazzling Flash           Conj/Hex       #####.       3%          3
 Lesser Beckoning         Tloc           #####.....   3%          3
 Teleport Other           Tloc           #####...     3%          3
 Tukima's Dance           Hex            #####...     3%          3
 Vampiric Draining        Necr           #####.....   3%          3
 Animate Dead             Necr           #####.....   11%         4
 Hailstorm                Conj/Ice       #####...     11%         4
 Ice Form                 Ice/Tmut       #####...     11%         4
 Metabolic Englaciation   Hex/Ice        #####.....   28%         5
 Agony                    Necr           #####...     30%         5
 Alistair's Intoxication  Tmut/Pois      #####....    30%         5
 Bolt of Magma            Conj/Fire/Erth #####.....   30%         5
 Iskenderun's Battlesphe  Conj           #####...     30%         5
 Dispersal                Tloc           #####.....   86%         6
 Freezing Cloud           Conj/Ice/Air   #####.....   86%         6
 Invisibility             Hex            #####...     86%         6
 Iron Shot                Conj/Erth      #####.....   86%         6
 Orb of Destruction       Conj           #####.....   100%        7
 Spellforged Servitor     Conj/Summ      #####.....   100%        7


Dungeon Overview and Level Annotations

Branches:
Dungeon (14/15)            Temple (0/1) D:5            Lair (6/6) D:10
  Swamp (0/4) Lair:4        Snake (0/4) Lair:3        Slime (0/5) Lair:6
    Orc (2/2) D:10            Elf (0/3) Orc:2        Vaults (0/5) D:14
  IceCv (visited)

Altars:
Dithmenos
Elyvilon
Fedhas
Gozag
Kikubaaqudgha
Makhleb
Ru
Trog
Uskayaw
Wu Jian
Yredelemnul
Zin
The Shining One
Beogh
Jiyva

Shops:
D:4 :   D:9 [   D:11 [(   D:13 ?   Orc:2 =[=[   Lair:1 =

Portals:
Hell: Lair:6
Trove: D:13 (give 12 potions of heal wounds)

Annotations:
D:7 3 runed translucent doors, Tman's ghost, novice TrFi
Lair:3 2 transporters, MrRokkomies's ghost, journeyman GnWn


Innate Abilities, Weirdness & Mutations

Your experience applies equally to all skills.
You have very sharp teeth.
Your uncanny sense of smell can sniff out nearby items.


Message History

The very large slime creature hits you!!
* * * LOW HITPOINT WARNING * * *
The boulder beetle blinks!
Two slime creatures merge to form an enormous slime creature.
The troll barely misses you. The troll claws you.
* * * LOW HITPOINT WARNING * * *
The troll claws you but does no damage.
Unknown command.
Casting: Blink (safe; 1% risk of failure)
Confirm with . or Enter, or press ? or * to list all spells.
You blink. 2 wights come into view.
Unknown command.
A wight comes into view. It is wielding a +0 flail.
The howler monkey hoots and howls with incredible vigour!
You hear a shout!
The boulder beetle curls into a ball and begins rolling!
The boulder beetle hits you!!
You die...
Your body crumbles into a pile of gold.

####........'...\..$'ZT.....
............#.......#h......
#........##.#...#.##......
#.......####.$hz.####.....
#......## ###[### ##B.§.
#......## ##z..## ##....
#...##..####z..[.####.....
##.##....##..[.°..##...#..
#.##....@B○○○○J......)...
########.##..Z.WT.$......
####.###.##D$.Z... ###
#####§#.### #####


You could see a boulder beetle, an enormous slime creature, a wraith, 3 wights
and a centaur warrior skeleton.

Vanquished Creatures
  Rupert (Lair:3)
  Kirke (D:13)
  A frost giant (IceCv)
  Azrael (D:12)
  A dire elephant (Lair:6)
  Snorg (D:12)
  2 boulder beetles
  Fannar (Lair:3)
  4 vault guards
  11 hydras
  5 two-headed ogres
  5 catoblepae
  A death knight (D:14)
  9 death yaks
  2 orc high priests (Orc:2)
  Urug (Lair:3)
  Sonja (Orc:1)
  A skeletal warrior (D:14)
  2 wizards
  2 unseen horrors
  2 lindwurms
  An orc knight (Orc:2)
  5 orc sorcerers
  2 cyclopes
  An oklob plant (Lair:1)
  2 deep elf magi (D:7)
  2 manticores (Lair:5)
  7 ugly things
  12 elephants
  Maurice (D:9)
  7 black mambas
  A centaur zombie (D:14)
  An ice statue (IceCv)
  A torpor snail (Lair:6)
  4 orange demons (Lair:6)
  3 gargoyles
  17 cane toads
  4 rime drakes
  9 komodo dragons
  A freezing wraith (D:14)
  3 kobold demonologists
  A hellwing (Lair:6)
  A merfolk (shapeshifter) (D:14)
  A queen bee (shapeshifter) (D:12)
  A red devil (Lair:6)
  15 polar bears
  11 trolls
  21 blink frogs
  4 hornets
  5 slime creatures (D:13)
  Grinder (D:4)
  A harpy skeleton (D:13)
  2 centaur simulacra (D:8)
  Sigmund (D:6)
  A spriggan (Lair:5)
  4 hogs (D:13)
  5 wyverns
  59 yaks
  6 basilisks
  A wraith (D:14)
  3 fire elementals
  2 steam dragons
  Menkaure (D:2)
  4 wargs
  A soldier ant (D:13)
  3 nagas (Lair:3)
  16 water moccasins
  8 hell hounds
  33 orc warriors
  2 black bears
  An eye of draining (shapeshifter) (D:13)
  3 necrophages
  5 sky beasts
  16 ice beasts
  11 ogres
  3 phantoms
  19 wolves
  10 centaurs
  4 big kobolds
  17 bullfrogs
  A gnoll sergeant (D:9)
  A wyvern zombie (D:13)
  5 wyvern skeletons
  2 scorpions
  21 killer bees
  22 wights
  6 howler monkeys
  A crimson imp (D:6)
  2 bullfrog zombies
  5 quasits
  9 jellies
  7 hounds
  3 centaur skeletons
  31 orc priests
  2 bullfrog skeletons
  A gnoll shaman (D:7)
  4 iguanas
  38 orc wizards
  Natasha (twice) (D:3)
  7 worker ants
  2 hound zombies
  A hound skeleton (D:8)
  A mummy (D:2)
  2 howler monkey zombies
  A worker ant zombie (D:5)
  Robin (D:2)
  14 gnolls
  10 adders
  3 shadow imps
  2 white imps (D:7)
  15 oozes
  2 adder skeletons (D:2)
  2 worms (D:2)
  8 leopard geckos
  83 orcs
  2 ball pythons
  14 giant cockroaches
  18 goblins
  15 hobgoblins
  5 jackals
  3 quokkas
  9 bats
  4 frilled lizards
  14 kobolds
  2 leopard gecko skeletons
  13 rats
858 creatures vanquished.

Vanquished Creatures (collateral kills)
  An elephant (Lair:4)
  A hog (D:13)
2 creatures vanquished.

Vanquished Creatures (others)
  A centaur skeleton (D:13)
  47 fungi
  34 plants
  4 toadstools (D:3)
86 creatures vanquished.

Grand Total: 946 creatures vanquished

Notes
Turn   | Place    | Note
-------+----------+-------------------------------------------
     0 | D:1      | MrRokkomies the Gnoll Wanderer began the quest for the Orb.
     0 | D:1      | MrRokkomies set off with the following items: a +2
                  | falchion, a scroll of teleportation, a +0 robe; and the
                  | following spell memorised: Summon Small Mammal; and the
                  | following spells available to memorise: Summon Guardian
                  | Golem
     0 | D:1      | Reached XP level 1. HP: 20/20 MP: 4/4
   379 | D:1      | Reached XP level 2. HP: 26/26 MP: 5/5
   688 | D:1      | Reached XP level 3. HP: 31/31 MP: 7/7
  1037 | D:2      | Reached skill level 1 in Invocations
  1181 | D:2      | Found a basalt altar of Yredelemnul.
  1182 | D:2      | Found an ancient bone altar of Kikubaaqudgha.
  1182 | D:2      | Noticed Menkaure
  1183 | D:2      | Found a transporter.
  1193 | D:2      | Reached skill level 1 in Short Blades
  1193 | D:2      | Reached skill level 1 in Axes
  1193 | D:2      | Reached skill level 1 in Maces & Flails
  1193 | D:2      | Reached skill level 1 in Polearms
  1193 | D:2      | Reached skill level 1 in Staves
  1193 | D:2      | Reached skill level 1 in Slings
  1193 | D:2      | Reached skill level 1 in Bows
  1193 | D:2      | Reached skill level 1 in Crossbows
  1193 | D:2      | Reached skill level 1 in Armour
  1193 | D:2      | Reached skill level 1 in Dodging
  1193 | D:2      | Reached skill level 1 in Unarmed Combat
  1193 | D:2      | Reached skill level 1 in Evocations
  1239 | D:2      | Reached XP level 4. HP: 36/38 MP: 8/8
  1375 | D:2      | Noticed Robin
  1401 | D:2      | Found a transporter.
  1406 | D:2      | Noticed a phantom
  1800 | D:2      | Killed Robin
  1800 | D:2      | Reached skill level 1 in Conjurations
  1800 | D:2      | Reached skill level 1 in Hexes
  1800 | D:2      | Reached skill level 1 in Necromancy
  1800 | D:2      | Reached skill level 1 in Translocations
  1800 | D:2      | Reached skill level 1 in Transmutations
  1800 | D:2      | Reached skill level 1 in Fire Magic
  1800 | D:2      | Reached skill level 1 in Air Magic
  1800 | D:2      | Reached skill level 1 in Earth Magic
  1800 | D:2      | Reached skill level 1 in Poison Magic
  2012 | D:2      | Found an ancient bone altar of Kikubaaqudgha.
  2352 | D:3      | Reached XP level 5. HP: 42/43 MP: 9/9
  2366 | D:3      | Learned a level 3 spell: Summon Guardian Golem
  2458 | D:3      | Found a white marble altar of Elyvilon.
  2459 | D:3      | Found a glowing golden altar of the Shining One.
  2460 | D:3      | Found an ornate altar of the Wu Jian Council.
  2500 | D:3      | Found an opulent altar of Gozag.
  2509 | D:3      | Became a worshipper of Gozag Ym Sagoz the Greedy
  2568 | D:3      | Found a glowing silver altar of Zin.
  2672 | D:3      | Noticed Natasha
  2679 | D:3      | Killed Natasha
  2691 | D:3      | Found a bloodstained altar of Trog.
  2783 | D:3      | Noticed Natasha
  2788 | D:3      | Killed Natasha
  3022 | D:2      | Reached XP level 6. HP: 50/50 MP: 10/10
  3024 | D:2      | Killed Menkaure
  3024 | D:2      | Reached skill level 5 in Fighting
  3024 | D:2      | Reached skill level 5 in Long Blades
  3048 | D:2      | Killed a phantom
  3247 | D:2      | Got a bound jade amulet
  3268 | D:2      | Identified the amulet of Ixiovvif {Inacc rN+++ MR+ Str+2
                  | Dex-4} (You found it on level 2 of the Dungeon)
  3340 | D:4      | Reached XP level 7. HP: 47/56 MP: 12/12
  3943 | D:4      | Noticed Grinder
  3945 | D:4      | Paralysed by Grinder for 7 turns
  3955 | D:4      | Killed Grinder
  4118 | D:4      | Found Sexkur's Book Emporium.
  4136 | D:4      | Reached XP level 8. HP: 30/63 MP: 14/14
  4314 | D:4      | Found an opulent altar of Gozag.
  4315 | D:4      | Bought a book of Minor Magic for 220 gold pieces
  4526 | D:4      | Learned a level 2 spell: Call Imp
  4529 | D:4      | Learned a level 2 spell: Blink
  4533 | D:4      | Learned a level 3 spell: Mephitic Cloud
  4705 | D:5      | Entered Level 5 of the Dungeon
  4846 | D:5      | Found a shadowy altar of Dithmenos.
  5410 | D:5      | Found a staircase to the Ecumenical Temple.
  6009 | D:6      | Found a hide-covered altar of Uskayaw.
  6012 | D:6      | Noticed a +0 hand axe
  6013 | D:6      | Noticed a +0 dagger
  6173 | D:6      | Found a sacrificial altar of Ru.
  6377 | D:6      | Reached XP level 9. HP: 69/69 MP: 16/16
  6410 | D:6      | Found a burning altar of Makhleb.
  6473 | D:6      | Noticed Sigmund
  6502 | D:6      | Killed Sigmund
  6572 | D:6      | Got a crude golden ring
  6574 | D:6      | Identified the ring of Fomodyurr {+Blink rF+ rN+ Str-3}
                  | (You found it on level 6 of the Dungeon)
  6610 | D:6      | Reached skill level 5 in Spellcasting
  6712 | D:6      | Reached skill level 5 in Throwing
  6712 | D:6      | Reached skill level 5 in Shields
  6905 | D:7      | Reached skill level 5 in Stealth
  7182 | D:7      | Found a sacrificial altar of Ru.
  7182 | D:7      | Noticed a deep elf mage
  7182 | D:7      | Noticed a deep elf mage
  7196 | D:7      | Killed a deep elf mage
  7196 | D:7      | Reached skill level 5 in Invocations
  7202 | D:7      | Killed a deep elf mage
  7202 | D:7      | Reached XP level 10. HP: 49/77 MP: 18/18
  7830 | D:7      | Reached skill level 5 in Short Blades
  7830 | D:7      | Reached skill level 5 in Axes
  7830 | D:7      | Reached skill level 5 in Maces & Flails
  7830 | D:7      | Reached skill level 5 in Polearms
  7830 | D:7      | Reached skill level 5 in Staves
  7830 | D:7      | Reached skill level 5 in Slings
  7830 | D:7      | Reached skill level 5 in Bows
  7830 | D:7      | Reached skill level 5 in Crossbows
  7830 | D:7      | Reached skill level 5 in Armour
  7830 | D:7      | Reached skill level 5 in Dodging
  7830 | D:7      | Reached skill level 5 in Unarmed Combat
  7830 | D:7      | Reached skill level 5 in Evocations
  8196 | D:7      | Found a runed translucent gate.
  8197 | D:7      | Found a runed translucent gate.
  8198 | D:7      | Found a runed translucent gate.
  8199 | D:7      | Noticed Tman's ghost (novice TrFi)
  8287 | D:7      | Found a blossoming altar of Fedhas.
  9182 | D:8      | Found a transporter.
  9260 | D:8      | Reached skill level 5 in Summonings
  9260 | D:8      | Reached skill level 5 in Ice Magic
  9294 | D:8      | Found a transporter.
 10450 | D:8      | Got a pair of steaming gloves
 10456 | D:8      | Identified the cursed +0 pair of gloves "Naqah" {+Inv rPois
                  | rC- Str+6} (You found it on level 8 of the Dungeon)
 11111 | D:9      | Reached XP level 11. HP: 43/84 MP: 20/20
 11854 | D:9      | Noticed Maurice
 11858 | D:9      | Killed Maurice
 11858 | D:9      | Reached skill level 5 in Conjurations
 11858 | D:9      | Reached skill level 5 in Hexes
 11858 | D:9      | Reached skill level 5 in Necromancy
 11858 | D:9      | Reached skill level 5 in Translocations
 11858 | D:9      | Reached skill level 5 in Transmutations
 11858 | D:9      | Reached skill level 5 in Fire Magic
 11858 | D:9      | Reached skill level 5 in Air Magic
 11858 | D:9      | Reached skill level 5 in Earth Magic
 11858 | D:9      | Reached skill level 5 in Poison Magic
 12206 | D:9      | Bought a +1 helmet of see invisible for 280 gold pieces
 12243 | D:10     | Entered Level 10 of the Dungeon
 12699 | D:10     | Found a staircase to the Orcish Mines.
 13296 | D:10     | Noticed a two-headed ogre
 13302 | D:10     | Killed a two-headed ogre
 13321 | D:10     | Found a staircase to the Lair.
 13379 | D:10     | Noticed an unseen horror
 13400 | D:10     | Noticed a two-headed ogre
 13404 | D:10     | Killed an unseen horror
 13438 | D:10     | Killed a two-headed ogre
 13868 | D:11     | Paralysed by a hornet for 2 turns
 14629 | D:11     | Identified a scroll of acquirement
 14629 | D:11     | Acquired the +5 longbow of the Disturbing Seas {venom,
                  | Int-4 Dex+3 SInv Stlth+}
 14757 | D:11     | Reached XP level 12. HP: 92/93 MP: 23/23
 15249 | D:12     | Noticed Snorg
 15257 | D:12     | Killed Snorg
 15773 | D:12     | Noticed a centaur warrior
 15785 | D:12     | Noticed a two-headed ogre
 15961 | D:12     | Found a blossoming altar of Fedhas.
 16649 | D:13     | Noticed Azrael
 16731 | Lair:1   | Entered Level 1 of the Lair of Beasts
 16827 | Lair:1   | Noticed a six-headed hydra
 16831 | Lair:1   | Killed a six-headed hydra
 17087 | Lair:1   | Found a frozen archway.
 17132 | IceCv    | Entered an ice cave
 17654 | IceCv    | Reached XP level 13. HP: 79/101 MP: 19/25
 18640 | IceCv    | Noticed a frost giant
 18649 | IceCv    | Killed a frost giant
 18906 | IceCv    | Identified Ugesorao's Disquisition on the Frostbite
 18910 | IceCv    | Identified the Compendium of the Butterfly
 20218 | Lair:1   | Bought the ring of Sauc {rPois rF++} for 667 gold pieces
 21157 | Lair:1   | Bought the ring "Faisoergh" {+Fly MR+ EV+4} for 760 gold
                  | pieces
 21210 | Lair:3   | Noticed Rupert
 21634 | Lair:3   | Found a staircase to the Snake Pit.
 21896 | Lair:3   | Reached XP level 14. HP: 91/109 MP: 19/27
 21991 | Lair:3   | Reached skill level 10 in Fighting
 21991 | Lair:3   | Reached skill level 10 in Long Blades
 22267 | Lair:3   | Noticed Fannar
 22454 | Lair:3   | Found a transporter.
 22454 | Lair:3   | Noticed MrRokkomies's ghost (journeyman GnWn)
 22462 | Lair:3   | Found a transporter.
 22565 | Lair:3   | Killed Rupert
 22604 | Lair:3   | Killed Fannar
 22641 | Lair:3   | Noticed Urug
 22651 | Lair:3   | Killed Urug
 23280 | Lair:4   | Found a staircase to the Swamp.
 23350 | Lair:4   | Reached skill level 10 in Invocations
 24591 | Lair:4   | Learned a level 3 spell: Frozen Ramparts
 24596 | Lair:4   | Learned a level 4 spell: Summon Ice Beast
 24601 | Lair:4   | Learned a level 4 spell: Passage of Golubria
 25323 | Lair:5   | Reached skill level 10 in Spellcasting
 25752 | Lair:5   | Reached skill level 10 in Throwing
 25752 | Lair:5   | Reached skill level 10 in Shields
 26233 | Lair:5   | Reached skill level 10 in Stealth
 26242 | Lair:5   | Reached XP level 15. HP: 63/117 MP: 16/29
 26576 | Lair:6   | Entered Level 6 of the Lair of Beasts
 27937 | Lair:6   | Reached skill level 10 in Short Blades
 27937 | Lair:6   | Reached skill level 10 in Axes
 27937 | Lair:6   | Reached skill level 10 in Maces & Flails
 27937 | Lair:6   | Reached skill level 10 in Polearms
 27937 | Lair:6   | Reached skill level 10 in Staves
 27937 | Lair:6   | Reached skill level 10 in Slings
 27937 | Lair:6   | Reached skill level 10 in Bows
 27937 | Lair:6   | Reached skill level 10 in Crossbows
 27937 | Lair:6   | Reached skill level 10 in Armour
 27937 | Lair:6   | Reached skill level 10 in Dodging
 27937 | Lair:6   | Reached skill level 10 in Unarmed Combat
 27937 | Lair:6   | Reached skill level 10 in Evocations
 28949 | Lair:6   | Found a viscous altar of Jiyva.
 28949 | Lair:6   | Found a staircase to the Slime Pits.
 29378 | Lair:6   | Found a burning altar of Makhleb.
 29453 | Lair:6   | Found a gateway to Hell.
 29717 | Orc:1    | Entered Level 1 of the Orcish Mines
 29769 | Orc:1    | Noticed Sonja
 29777 | Orc:1    | Killed Sonja
 29882 | Orc:1    | Found a roughly hewn altar of Beogh.
 29900 | Orc:1    | You fall into a shaft and drop 1 floor!
 29900 | Orc:2    | Entered Level 2 of the Orcish Mines
 29900 | Orc:2    | Found a staircase to the Elven Halls.
 30482 | Orc:2    | Paralysed by an orc sorcerer for 5 turns
 32792 | Orc:2    | Found Xybaqex's Jewellery Boutique.
 32792 | Orc:2    | Found Wuaj's Jewellery Shop.
 32793 | Orc:2    | Found Ubuhut's Armour Shop.
 32796 | Orc:2    | Found Qistawont's Antique Armour Boutique.
 32800 | Orc:2    | Bought a pair of runed boots for 247 gold pieces
 32980 | Orc:2    | Bought a translucent scale mail for 297 gold pieces
 32990 | Orc:2    | Identified the +6 scale mail "Enonuix" {Stlth+} (You bought
                  | it in a shop on level 2 of the Orcish Mines)
 33075 | D:11     | Bought the +6 shadow dragon scales "Oraebutz" {Str+4
                  | Stlth++++} for 1289 gold pieces
 33313 | D:13     | Reached XP level 16. HP: 125/125 MP: 30/30
 33387 | D:12     | Killed Azrael
 33915 | D:13     | Found Soufruck's Magic Scroll Boutique.
 33933 | D:13     | Bought a scroll of acquirement for 780 gold pieces
 33933 | D:13     | Acquired a +5 vampiric bardiche
 33975 | D:13     | Noticed Kirke
 34002 | D:13     | Killed Kirke
 34142 | D:13     | Found a portal to a secret trove of treasure.
 34694 | D:14     | Found a gate to the Vaults.
 35317 | D:14     | Identified the +5 flail "Haez" {holy, rC+ MP+9 Int-5 Dex+4
                  | Stlth+}
 36092 | D:14     | Slain by a boulder beetle

Illustrated notes

Levels and vault maps discovered:
D:1:      tarquinn_simple_flora_water_a, layout_basic
D:2:      minmay_roachtagon, layout_basic, gammafunk_temple_of_torment,
          chequers_serial_rivers_micro_b, minmay_crystal_water,
          lemuel_statue_altar, uniq_robin
D:3:      layout_rooms, lemuel_round_altar, nicolae_overflow_crystal_walls,
          chequers_temple_overflow_statue_of_worship, lemuel_crystal_altar,
          kennysheep_path_1, minmay_gold_behind_fungi, uniq_natasha
D:4:      layout_basic, serial_shops, nicolae_shop_crystal,
          nicolae_gozag_seed_capital, uniq_grinder
D:5:      layout_basic, nicolae_dithmenos_shadow_blocks,
          minmay_temple_entry_ruins
D:6:      layout_gridville, makhleb_grotto_becter, dancing_weapons_uskayaw,
          lemuel_crystal_altar, uniq_sigmund
D:7:      layout_loops_ring, fedhas_altar_4, gammafunk_ghost_necromancy,
          minmay_misc_feat_x, david_defended_altar_elf
D:8:      gammafunk_cloud_chamber, layout_loops_corners
D:9:      layout_basic, uniq_maurice
D:10:     layout_irregular_city, lair_entry_dummy, david_orc_3
D:11:     layout_stronghold
D:12:     layout_layer_cave, basic_altar, minivault_12, uniq_snorg
D:13:     layout_irregular_city, enter_trove_2, serial_shops,
          nicolae_shop_stone, uniq_azrael, uniq_kirke
D:14:     layout_cave_pools, lightli_vaults_fourway_checkpoint, basic_altar,
          serial_shops, kennysheep_mini_moat, roderic_serpentine_path
Lair:1:   lemuel_slime, layout_big_grid, portal_ice_cave_entry_ice_beasts,
          st_stairs_7, infiniplex_staircase_pool_2
Lair:2:   layout_long_grid
Lair:3:   layout_regular_city, minmay_snake_entry_guardpost_small,
          gammafunk_ghost_berserking_beasts, uniq_urug, uniq_fannar, uniq_rupert
Lair:4:   layout_cave_pods, swamp_mist_pool, chequers_serial_rivers_small_3
Lair:5:   nzn_motion_control, layout_regular_city,
          grunt_forest_large_clearing_hut, grunt_megastairs_4
Lair:6:   evil_forest, layout_regular_city, dpeg_slime_entry_enclosed_altar,
          chequers_serial_rivers_small_3
Orc:1:    layout_diamond_mine, serial_shops, shop, minmay_orc_temple_a,
          uniq_sonja, uniq_erica
Orc:2:    st_orc_mages, layout_caves, nicolae_orc_flooded_monolith

Skill      XL: |  1  2  3  4  5  6  7  8  9 10 11 12 13 14 15 16 |
---------------+-------------------------------------------------+-----
Summonings     | 2 3 4 5 6 7 8 9 |  9.5
Ice Magic      | 2 3 4 5 6 7 8 9 |  9.5
Invocations    | 1 2 3 4 5 6 7 8 9 10 11 | 11.7
Short Blades   | 1 2 3 4 5 6 7 8 9 10 | 10.8
Axes           | 1 2 3 4 5 6 7 8 9 10 | 10.8
Maces & Flails | 1 2 3 4 5 6 7 8 9 10 | 10.8
Polearms       | 1 2 3 4 5 6 7 8 9 10 | 10.8
Staves         | 1 2 3 4 5 6 7 8 9 10 | 10.8
Slings         | 1 2 3 4 5 6 7 8 9 10 | 10.8
Bows           | 1 2 3 4 5 6 7 8 9 10 | 10.8
Crossbows      | 1 2 3 4 5 6 7 8 9 10 | 10.8
Armour         | 1 2 3 4 5 6 7 8 9 10 | 10.8
Dodging        | 1 2 3 4 5 6 7 8 9 10 | 10.8
Unarmed Combat | 1 2 3 4 5 6 7 8 9 10 | 10.8
Evocations     | 1 2 3 4 5 6 7 8 9 10 | 10.8
Spellcasting   | 3 4 5 6 7 8 9 10 11 | 11.2
Conjurations   | 1 2 3 4 5 6 7 8 9 |  9.2
Hexes          | 1 2 3 4 5 6 7 8 9 |  9.2
Necromancy     | 1 2 3 4 5 6 7 8 9 |  9.2
Translocations | 1 2 3 4 5 6 7 8 9 |  9.2
Transmutations | 1 2 3 4 5 6 7 8 9 |  9.2
Fire Magic     | 1 2 3 4 5 6 7 8 9 |  9.2
Air Magic      | 1 2 3 4 5 6 7 8 9 |  9.2
Earth Magic    | 1 2 3 4 5 6 7 8 9 |  9.2
Poison Magic   | 1 2 3 4 5 6 7 8 9 |  9.2
Throwing       | 3 4 5 6 7 8 9 10 11 | 11.1
Shields        | 3 4 5 6 7 8 9 10 11 | 11.1
Fighting       | 5 6 7 8 9 10 11 | 11.7
Long Blades    | 5 6 7 8 9 10 11 | 11.7
Stealth        | 3 4 5 6 7 8 9 10 11 | 11.1

Action                   |  1- 3 |  4- 6 |  7- 9 | 10-12 | 13-15 | 16-18 || total
-------------------------+-------+-------+-------+-------+-------+-------++-------
Melee: Falchion          |    75 |   135 |   253 |    12 |       |       ||   475
       Bite              |     8 |    14 |    30 |    84 |       |    34 ||   170
       Punch             |       |     3 |     2 |     3 |     1 |     5 ||    14
       Whip              |       |       |       |   235 |       |       ||   235
       Spear             |       |       |       |   124 |       |       ||   124
       Short sword       |       |       |       |   295 |     7 |       ||   302
       Scimitar          |       |       |       |     2 |       |       ||     2
       Bardiche          |       |       |       |       |       |   181 ||   181
       Double sword      |       |       |       |       |       |    35 ||    35
 Fire: Longbow           |       |       |       |   327 |  1368 |   153 ||  1848
Throw: Javelin           |       |    18 |    36 |    48 |       |       ||   102
       Boomerang         |       |       |       |    30 |       |       ||    30
       Dart              |       |       |       |    14 |       |       ||    14
 Cast: Summon Small Mamm |       |     4 |       |       |       |       ||     4
       Mephitic Cloud    |       |       |     3 |     3 |     1 |       ||     7
       Blink             |       |       |       |     1 |    24 |     4 ||    29
       Call Imp          |       |       |       |       |     5 |       ||     5
       Summon Ice Beast  |       |       |       |       |     2 |     3 ||     5
       Frozen Ramparts   |       |       |       |       |     2 |     2 ||     4
Invok: Call Merchant     |       |       |       |     2 |     2 |       ||     4
Evoke: Wand              |       |       |     2 |    23 |     9 |     1 ||    35
  Use: Scroll            |     6 |     7 |     4 |    11 |     8 |     7 ||    43
       Potion            |       |     3 |       |     3 |     3 |     1 ||    10
 Stab: Sleeping          |     4 |     3 |     8 |    12 |       |     7 ||    34
       Confused          |       |       |     4 |       |       |       ||     4
       Distracted        |       |       |     1 |     2 |     1 |     3 ||     7
       Paralysed         |       |       |       |     1 |       |       ||     1
       Petrified         |       |       |       |       |       |     4 ||     4
       Petrifying        |       |       |       |       |       |     1 ||     1
Armor: Ring mail         |    21 |    70 |    33 |       |       |       ||   124
       Robe              |     1 |       |       |       |       |       ||     1
       Skin              |       |    20 |       |       |       |       ||    20
       Leather armour    |       |       |    26 |   117 |   185 |       ||   328
       Shadow dragon sca |       |       |       |       |     6 |   274 ||   280
Dodge: Dodged            |    35 |    86 |   182 |   667 |   942 |   498 ||  2410
Block: Buckler           |       |       |    54 |   218 |       |       ||   272
       Rpst.: Falchion   |    11 |    24 |    52 |     1 |       |       ||    88
       Scimitar          |       |       |       |     1 |       |       ||     1
       Double sword      |       |       |       |       |       |    11 ||    11

Table legend: (Time is in decaauts)
 A = Elapsed time spent in this place.
 B = Non-inter-level travel time spent in this place.
 C = Inter-level travel time spent in this place.
 D = Time resting spent in this place.
 E = Time spent auto-exploring this place.
 F = Levels seen in this place.
 G = Mean time per level.
                   A        B        C        D        E       F      G
               +--------+--------+--------+--------+--------+-----+--------+
         Total |  36609 |  35266 |   1343 |   3783 |  24599 |  23 | 1591.7 |
       Dungeon |  19930 |  19094 |    836 |   2088 |  13018 |  14 | 1423.6 |
          Lair |  11145 |  10746 |    399 |    620 |   8386 |   6 | 1857.5 |
  Orcish Mines |   3408 |   3300 |    108 |    254 |   2265 |   2 | 1704.0 |
      Ice Cave |   2125 |   2125 |      0 |    821 |    930 |   1 | 2125.0 |
               +--------+--------+--------+--------+--------+-----+--------+

Top non-repeatable levels by time:
  Lair:6: 2560 daAuts
     D:8: 2229 daAuts
    D:13: 2221 daAuts
  Lair:5: 2218 daAuts
   IceCv: 2125 daAuts
  Lair:3: 1961 daAuts
   Orc:1: 1931 daAuts
    D:12: 1922 daAuts
     D:2: 1769 daAuts
  Lair:4: 1734 daAuts
    D:10: 1605 daAuts
     D:9: 1578 daAuts
  Lair:1: 1549 daAuts
     D:7: 1500 daAuts
   Orc:2: 1476 daAuts
